 Dungeon Crawl Stone Soup version 0.21-a0-509-gecc5317 (webtiles) character file.

25 Hafrunt the Ruffian (level 2, -1/23 HPs)
             Began as a Draconian Transmuter on Nov 30, 2017.
             Slain by a quokka (4 damage)
             ... on level 2 of the Dungeon.
             The game lasted 00:02:50 (704 turns).

Hafrunt the Ruffian (Draconian Transmuter)           Turns: 704, Time: 00:02:50

Health: -1/23      AC:  4    Str: 12    XL:     2   Next: 82%
Magic:  5/5        EV: 12    Int: 13    God:
Gold:   143        SH:  0    Dex: 11    Spells: 4/5 levels left

rFire    . . .     SeeInvis .     - Unarmed
rCold    . . .     Gourm    .   (no shield)
rNeg     . . .     Faith    .   (armour unavailable)
rPois    .         Spirit   .   (helmet restricted)
rElec    .         Reflect  .   (no cloak)
rCorr    .         Harm     .   (no gloves)
MR       .....                  (no boots)
Stlth    ..........             (no amulet)
HPRegen  0.07/turn              k - ring of loudness (curse)
MPRegen  0.09/turn              (no ring)

@: lethally poisoned (-1 -> -4)
A: unfitting armour, cold-blooded, AC +4
a: no special abilities


You were on level 2 of the Dungeon.
You were not hungry.

You visited 1 branch of the dungeon, and saw 2 of its levels.

You collected 143 gold pieces.

Inventory:

Missiles
 a - 12 arrows
Jewellery
 k - a cursed ring of loudness (left hand)
Scrolls
 f - 2 scrolls of identify
Potions
 e - 2 potions of resistance
 g - 2 potions of heal wounds
Books
 b - a book of Changes

   Spells                             Type                      Level
   a - Beastly Appendage              Transmutation                1
   b - Sticks to Snakes               Transmutation                2
   c - Spider Form                    Transmutation/Poison         3
   d - Ice Form                       Ice/Transmutation            4
   e - Blade Hands                    Transmutation                5
Comestibles
 c - 2 bread rations
 d - 4 chunks of flesh
 j - a fruit


   Skills:
 - Level 1.1 Fighting
 - Level 1.7 Dodging
 + Level 3.5 Unarmed Combat
 - Level 2.0 Spellcasting
 + Level 2.7 Transmutations


You had 4 spell levels left.
You knew the following spells:

 Your Spells              Type           Power        Failure   Level  Hunger
a - Beastly Appendage     Tmut           #.....       9%          1    ##.....


Dungeon Overview and Level Annotations

Branches:
Dungeon (2/15)

Altars:
The Shining One


Innate Abilities, Weirdness & Mutations

Your plain brown scales are hard. (AC +4)
You cannot fit into any form of body armour.
You are cold-blooded and may be slowed by cold attacks.


Message History

The adder misses you. The giant cockroach closely misses you.
The quokka barely misses you. The adder bites you.
You are poisoned.
The adder poisons you! The quokka bites you.
You feel sick. The giant cockroach closely misses you.
The giant cockroach misses you.
You feel sick. The adder bites you.
* * * LOW HITPOINT WARNING * * *
Your horns disappear.
The adder misses you.
* * * LOW HITPOINT WARNING * * *
You feel sick. The adder closely misses you. The quokka barely misses you.
* * * LOW HITPOINT WARNING * * *
You feel sick. The adder bites you but does no damage. The quokka bites you.
You die...

#. .... # #..... ....#
.... ...#### ##
..######....## #.
####.#..........###.
##....#...........##.
##.............).#.##.
#$..†).K........(?(†..
#....@rs..............
#.<...S..........###..
##...............# #..
##..............# #..
##......######.# #..
#......# #......
#......# ####...
#......# ##.. #......#
###


You could see an adder, a quokka, a giant cockroach and a kobold.

Vanquished Creatures
  An ooze (D:1)
  A dart slug (D:1)
  A giant cockroach (D:1)
  2 goblins (D:1)
  4 hobgoblins
  A kobold (D:2)
  4 bats
  2 frilled lizards (D:2)
  3 rats (D:1)
  2 fungi (D:1)
21 creatures vanquished.

Notes
Turn   | Place    | Note
-------+----------+-------------------------------------------
     0 | D:1      | Hafrunt the Draconian Transmuter began the quest for the Orb.
     0 | D:1      | Reached XP level 1. HP: 16/16 MP: 3/3
   300 | D:1      | Reached XP level 2. HP: 22/23 MP: 3/5
   665 | D:2      | Found a glowing golden altar of the Shining One.
   704 | D:2      | Slain by a quokka

Vault maps used:
D:1:      eino_arrival_water_cross, minmay_gold_behind_fungi,
          minmay_misc_feat_nine_boxes
D:2:      lemuel_crystal_altar, xom_redecorated, uniq_terence

Action                   || total
-------------------------++-------
Melee: Unarmed           ||    85
       Tailslap          ||     8
       Headbutt          ||     6
       Punch             ||     2
       Kick              ||     1
 Cast: Beastly Appendage ||    16
  Use: Scroll            ||     4
 Stab: Sleeping          ||     1
Armor: Skin              ||    18
Dodge: Dodged            ||    71

Table legend:
 A = Spawn XP
 B = Non-spawn XP
 C = Spawn XP percentage of total XP
 D = Spawn monster count
 E = Non-spawn monster count
 F = Spawn count percentage of total count
 G = Total turns spent on level
                    A         B        C        D         E        F      G
               +---------+---------+-------+---------+---------+-------+---------
         Total |       0 |      36 |   0.0 |       0 |      19 |   0.0 |   704
               +---------+---------+-------+---------+---------+-------+---------
           D:1 |       0 |      26 |   0.0 |       0 |      13 |   0.0 |   624
           D:2 |       0 |      10 |   0.0 |       0 |       6 |   0.0 |    80
               +---------+---------+-------+---------+---------+-------+---------
